 Dungeon Crawl Stone Soup version 0.23.2-1-ga50397a (webtiles) character file.

Game seed: 17988831078949134625

35 vlazyslath the Grave Robber (level 3, -7/24 HPs)
             Began as a Vampire Necromancer on May 8, 2019.
             Shot with an arrow by a centaur (10 damage)
             ... on level 9 of the Dungeon.
             The game lasted 00:14:18 (2145 turns).

vlazyslath the Grave Robber (Vampire Necromancer)   Turns: 2145, Time: 00:14:18

Health: -7/24      AC:  0    Str:  7    XL:     3   Next: 16%
Magic:  6/6        EV: 20    Int: 18    God:
Gold:   93         SH:  0    Dex: 19    Spells: 5/7 levels left

rFire    . . .     SeeInvis +   (weapon currently unavailable)
rCold    + . .     Gourm    .   (shield currently unavailable)
rNeg     + + .     Faith    .   (armour currently unavailable)
rPois    +         Spirit   .   (helmet currently unavailable)
rElec    .         Reflect  .   (cloak currently unavailable)
rCorr    .         Harm     .   (gloves currently unavailable)
MR       .....                  (boots currently unavailable)
Stlth    +++++.....             (no amulet)
HPRegen  0.04/turn              (ring currently unavailable)
MPRegen  0.10/turn              (ring currently unavailable)

@: bat-form, flying, regenerating slowly, very quick
A: tiny, fangs 3, see invisible
a: End Transformation


You were on level 9 of the Dungeon.
You were near bloodless.
You were in vampire-bat-form.
You visited 1 branch of the dungeon, and saw 6 of its levels.

You collected 93 gold pieces.

Inventory:

Hand Weapons
 d - a +0 short sword (melded)
Armour
 a - a +1 robe (melded)
Scrolls
 f - a scroll of fear
Potions
 c - 11 potions of blood
Miscellaneous
 h - a phial of floods


   Skills:
 - Level 2.1 Dodging
 - Level 3.0 Stealth
 + Level 2.5 Spellcasting
 * Level 5.2 Necromancy


You had 5 spell levels left.
You knew the following spells:

 Your Spells              Type           Power        Failure   Level  Hunger
a - Pain                  Necr           ###.         1%          1    #......
b - Animate Skeleton      Necr           N/A          1%          1    #......

Your spell library contained the following spells:

 Spells                   Type           Power        Failure   Level  Hunger
 Vampiric Draining        Necr           ###.......   6%          3    ###....
 Regeneration             Chrm/Necr      ##........   17%         3    ###....
 Animate Dead             Necr           N/A          21%         4    #####..


Dungeon Overview and Level Annotations

Branches:
Dungeon (4/15)
 Temple: D:4-7

Altars:
Sif Muna
Uskayaw

Shops:
D:9 (


Innate Abilities, Weirdness & Mutations

You heal slowly.
You have razor-sharp teeth.
You have supernaturally acute eyesight. (SInv)
((You can survive without breathing.))


Message History

The centaur shouts!
The adder hisses angrily.
The centaur wields a +0 shortbow.
The centaur shoots an arrow.
The arrow barely misses you.
You hear a screech!
You see here an arrow.
The centaur shoots an arrow.
The arrow hits you.
You see here an arrow.
The centaur shoots an arrow.
The arrow closely misses you.
You see here an arrow.
The centaur shoots an arrow.
The arrow completely misses you.
You see here an arrow.
The hippogriff bites you. The hippogriff barely misses you.
The hippogriff claws you.
* * * LOW HITPOINT WARNING * * *
The adder barely misses you.
The centaur shoots an arrow.
The arrow completely misses you.
The centaur shoots an arrow.
The arrow closely misses you.
You see here an arrow.
The centaur shoots an arrow.
The arrow hits you!
You die...

..$....# ####+######.._.
###....######### #......##.....
._...8.o.......#####......##.....
%)!................#......##.....
.....8..Hoo(.......#......##.....
.........c.(S......#......##....$
.....8.............#.............
.........###.....................
.........# #####b####+##.o.......
.........# #.# #####....a
.........# #.# +..... ##########
#.# #######.....
#.#####...........
#.......####...... #########
#...... #5..... #......


You could see a centaur, an adder and 2 orcs.

Vanquished Creatures
  A dart slug (D:4)
  3 leopard geckos
  5 bats
  A giant cockroach (D:1)
  5 hobgoblins
  4 frilled lizards
  6 kobolds
  4 rats
29 creatures vanquished.

Vanquished Creatures (collateral kills)
  A rat (D:1)
1 creature vanquished.

Grand Total: 30 creatures vanquished

Notes
Turn   | Place    | Note
-------+----------+-------------------------------------------
     0 | D:1      | vlazyslath the Vampire Necromancer began the quest for the
                  | Orb.
     0 | D:1      | Reached XP level 1. HP: 13/13 MP: 3/3
     2 | D:1      | Learned a level 1 spell: Animate Skeleton
   245 | D:1      | Reached XP level 2. HP: 17/19 MP: 5/5
   484 | D:1      | Reached skill level 5 in Necromancy
   653 | D:2      | Reached XP level 3. HP: 7/24 MP: 0/6
  1079 | D:4      | Noticed a scorpion
  1823 | D:4      | You are sucked into a shaft for 3 floors!
  1827 | D:7      | Noticed an ogre
  1835 | D:7      | You are sucked into a shaft for 2 floors!
  1890 | D:9      | Noticed a yak
  1893 | D:9      | Noticed a yak
  1893 | D:9      | Noticed a yak
  1894 | D:9      | Noticed a yak
  1894 | D:9      | Noticed a yak
  2007 | D:9      | Found Minubant's Weapon Shoppe.
  2011 | D:9      | Found a deep blue altar of Sif Muna.
  2034 | D:9      | Noticed a two-headed ogre
  2088 | D:9      | Noticed an ogre
  2092 | D:9      | Noticed a hippogriff
  2104 | D:9      | Noticed a hippogriff
  2107 | D:9      | Found a hide-covered altar of Uskayaw.
  2117 | D:9      | Noticed a centaur
  2145 | D:9      | Shot with an arrow by a centaur

Skill      XL: |  1  2 |
---------------+-------+-----
Necromancy     | 5 |  5.2
Dodging        | |  2.1
Stealth        | |  3.0
Spellcasting   | |  2.5

Action                   || total
-------------------------++-------
Melee: Dagger            ||     4
       Short sword       ||    18
       Bite              ||     3
       Unarmed           ||     2
 Cast: Pain              ||    41
       Animate Skeleton  ||     3
 Abil: Bat Form          ||     5
       End Transformatio ||     4
  Use: Scroll            ||     4
 Stab: Sleeping          ||     1
Armor: Robe              ||     6
Dodge: Dodged            ||    65
